 Dungeon Crawl Stone Soup version 0.25-a0-24-g72dcfe0359 (webtiles) character file.

Game seed: 15933712523165097043, levelgen mode: deterministic

18 Erk the Sneak (level 2, 0/16 HPs)
             Began as a Kobold Enchanter on Oct 17, 2019.
             Slain by a hobgoblin
             ... wielding a +0 club
             ... led by Robin
              (3 damage)
             ... on level 2 of the Dungeon.
             The game lasted 00:03:19 (229 turns).

Erk the Sneak (Kobold Enchanter)                     Turns: 229, Time: 00:03:20

Health: 0/16       AC:  2    Str:  5    XL:     2   Next: 90%
Magic:  2/5        EV: 15    Int: 16    God:
Gold:   20         SH:  0    Dex: 15    Spells: 2/5 levels left

rFire    . . .     SeeInvis .   a - +1 dagger
rCold    . . .     Gourm    .   (shield restricted)
rNeg     . . .     Faith    .   b - +0 robe
rPois    .         Spirit   .   (no helmet)
rElec    .         Reflect  .   (no cloak)
rCorr    .         Harm     .   (no gloves)
MR       .....                  (no boots)
Stlth    +++.......             (no amulet)
HPRegen  0.05/turn              (no ring)
MPRegen  0.09/turn              (no ring)

@: no status effects
A: small, carnivore
a: no special abilities


You were on level 2 of the Dungeon.
You were full.

You visited 1 branch of the dungeon, and saw 2 of its levels.

You collected 20 gold pieces.

Inventory:

Hand Weapons
 a - a +1 dagger (weapon)
Missiles
 g - 27 stones (quivered)
Armour
 b - a +0 robe (worn)
Scrolls
 c - a scroll of identify {unknown}
 e - a scroll of remove curse {unknown}
Potions
 f - a potion of curing {unknown}
Comestibles
 d - a ration


   Skills:
 + Level 0.5 Fighting
 + Level 1.5 Short Blades
 + Level 2.6 Dodging
 + Level 4.6 Stealth
 + Level 2.4 Spellcasting
 + Level 3.1 Hexes


You had 2 spell levels left.
You knew the following spells:

 Your Spells              Type           Power        Failure   Level  Hunger
a - Corona                Hex            ##.....      5%          1    #......
b - Ensorcelled Hibernat  Hex/Ice        #.....       16%         2    ###....

Your spell library contained the following spells:

 Spells                   Type           Power        Failure   Level  Hunger
 Confuse                  Hex            ##......     17%         3    ###....
 Tukima's Dance           Hex            ##......     17%         3    ###....
 Dazzling Spray           Conj/Hex       #.....       30%         3    ###....


Dungeon Overview and Level Annotations

Branches:
Dungeon (1/15)

Altars:


Innate Abilities, Weirdness & Mutations

You are small and have problems with some larger weapons.
You are carnivorous and can eat meat at any time.


Message History

The goblin closely misses you.
Casting: Ensorcelled Hibernation (safe; 16% risk of failure)
Confirm with . or Enter, or press ? or * to list all spells.
Aiming: Ensorcelled Hibernation (safe; 16% risk of failure)
Press: ? - help, Shift-Dir - straight line, f - hobgoblin
Aim: a hobgoblin, wielding a +0 club (chance to defeat MR: 55%)
The hobgoblin resists with significant effort.
The hobgoblin hits you with a +0 club. The goblin closely misses you.
Casting: Ensorcelled Hibernation (safe; 16% risk of failure)
Confirm with . or Enter, or press ? or * to list all spells.
You don't have enough magic to cast that spell.
You barely miss the goblin.
The goblin is heavily wounded.
The hobgoblin closely misses you. The goblin closely misses you.
You barely miss the goblin.
The goblin is heavily wounded.
The hobgoblin closely misses you. The goblin hits you with a +0 club.
* * * LOW HITPOINT WARNING * * *
The hobgoblin hits you with a +0 club.
You die...

..##.......###..#...###
#.#####.........#...... #.#
#...............#
#.#####...............+
#.##......#...........#
#.##......#...##......#
#####'##........<.........+
#............gg..#........#
#.............@..+.....#+##
###............#####.....#
..............## .....
....###'#.....# ##.
........#.†...#
........#.....####
####(....().......
.....(............
..................


You could see a hobgoblin and a goblin.

Vanquished Creatures
  An adder (D:2)
  2 goblins
  2 hobgoblins
  A frilled lizard (D:2)
  A kobold (D:2)
  3 rats
10 creatures vanquished.

Notes
Turn   | Place    | Note
-------+----------+-------------------------------------------
     0 | D:1      | Erk the Kobold Enchanter began the quest for the Orb.
     0 | D:1      | Reached XP level 1. HP: 10/10 MP: 3/3
    83 | D:1      | You fall into a shaft and drop 1 floor!
   109 | D:2      | Reached XP level 2. HP: 14/16 MP: 5/5
   121 | D:2      | Learned a level 2 spell: Ensorcelled Hibernation
   229 | D:2      | Slain by a hobgoblin

Levels and vault maps discovered:
D:1:      wander_arrival_abandoned_jail, layout_basic,
          minmay_misc_feat_secret_circle, palyth_stone_intersect,
          minmay_misc_feat_rugged
D:2:      layout_basic, nicolae_overflow_crystal_walls,
          chequers_serial_rivers_micro_d, uniq_robin

Action                   || total
-------------------------++-------
Melee: Dagger            ||    26
 Cast: Ensorcelled Hiber ||     3
 Stab: Sleeping          ||     4
  Eat: Chunk             ||     4
Armor: Robe              ||     1
Dodge: Dodged            ||    18

Table legend:
 A = Non-vault XP
 B = Vault XP
 C = Vault XP percentage of total XP
 D = Non-vault monster count
 E = Vault monster count
 F = Vault count percentage of total count
                 A         B        C        D         E       F
            +---------+---------+-------+---------+---------+-------
      Total |      25 |       2 |   7.4 |       9 |       1 |  10.0
            +---------+---------+-------+---------+---------+-------
        D:1 |       6 |       0 |   0.0 |       4 |       0 |   0.0
        D:2 |      19 |       2 |   9.5 |       5 |       1 |  16.7
            +---------+---------+-------+---------+---------+-------
